 Dungeon Crawl Stone Soup version 0.17.0-23-g0de4337 (webtiles) character file.

81 JudasIscariot the Sneak (level 4, 0/27 HPs)
             Began as a Kobold Assassin on Nov 14, 2015.
             Succumbed to JudasIscariot's ghost's poison
             ... on level 3 of the Dungeon.
             The game lasted 00:06:56 (1927 turns).

JudasIscariot the Sneak (Kobold Assassin)           Turns: 1927, Time: 00:06:57

Health: 0/27       AC:  3    Str:  9    XL:     4   Next: 68%
Magic:  4/4        EV: 15    Int:  9    God:
Gold:   73         SH:  0    Dex: 18    Spells: 0 memorised, 3 levels left

rFire  . . .     SeeInvis .     a - +2 dagger
rCold  . . .     Clarity  .     c - +0 robe
rNeg   . . .     SustAt   .     (shield restricted)
rPois  .         Gourm    .     (no helmet)
rElec  .         Spirit   .     d - +0 cloak
rCorr  .         Warding  .     (no gloves)
rMut   .         Stasis   .     (no boots)
MR     .....                    (no amulet)
Stlth  ++++......               (no ring)
                                (no ring)

@: lethally poisoned (0 -> -20), not resistant to hostile enchantments, stealthy
A: carnivore 3
a: no special abilities


You were on level 3 of the Dungeon.
You were completely stuffed.

You visited 1 branch of the dungeon, and saw 3 of its levels.

You collected 73 gold pieces.

Inventory:

Hand Weapons
 a - a +2 dagger (weapon)
 b - a +0 blowgun
Missiles
 e - 15 poisoned needles
 f - 2 curare-tipped needles
Armour
 c - a +0 robe (worn)
 d - a +0 cloak (worn)
 r - a +0 leather armour
Scrolls
 h - a scroll of magic mapping {unknown}
 j - a scroll of fog {unknown}
 k - a scroll of amnesia {unknown}
 m - a scroll of blinking {unknown}
 o - a scroll of identify {unknown}
Potions
 i - 2 potions of lignification {unknown}
 l - a potion of curing {unknown}
 n - a potion of might {unknown}
 q - a potion of poison {unknown}
 s - a potion of brilliance {unknown}
Comestibles
 g - 2 meat rations
 p - 4 chunks of flesh


   Skills:
 * Level 2.7 Fighting
 * Level 3.0 Short Blades
 + Level 2.6 Throwing
 * Level 2.1 Dodging
 * Level 6.8 Stealth


You had 3 spell levels left.
You didn't know any spells.

Dungeon Overview and Level Annotations

Branches:
Dungeon (3/15)

Altars:

Annotations:
D:3 JudasIscariot's ghost, amateur KoAs


Innate Abilities, Weirdness & Mutations

You are small and have problems with some larger weapons.
You are carnivorous and can eat meat at any time.


Message History

You are more poisoned.
You closely miss JudasIscariot's ghost.
You feel sick. JudasIscariot's ghost misses you.
You miss JudasIscariot's ghost.
You feel sick. JudasIscariot's ghost hits you!
* * * LOW HITPOINT WARNING * * *
You hit JudasIscariot's ghost but do no damage.
* * * LOW HITPOINT WARNING * * *
You feel sick.
JudasIscariot's ghost hits you but does no damage.
You hit JudasIscariot's ghost but do no damage.
* * * LOW HITPOINT WARNING * * *
You feel sick. JudasIscariot's ghost misses you.
You hit JudasIscariot's ghost.
JudasIscariot's ghost is lightly damaged.
* * * LOW HITPOINT WARNING * * *
You feel sick.
JudasIscariot's ghost closely misses you.
You hit JudasIscariot's ghost but do no damage.
JudasIscariot's ghost is lightly damaged.
You die...

# ####### .. #....[#
...####.....#
..(..[(..@..#
...(.....W..####
(...........)..##
......(....###..######
...........# ##......# #
......#########......#####
...... ..................
.#...( ####..............
#... #.....)....####


You could see JudasIscariot's ghost.

Vanquished Creatures
  Jessica (D:3)
  An ooze (D:1)
  A worm (D:2)
  2 giant geckos
  5 orcs (D:3)
  A giant cockroach (D:3)
  7 goblins
  6 hobgoblins (D:1)
  4 kobolds
  6 bats
  3 giant newts (D:1)
  4 rats
41 creatures vanquished.

Notes
Turn   | Place    | Note
--------------------------------------------------------------
     0 | D:1      | JudasIscariot the Kobold Assassin began the quest for the Orb.
     0 | D:1      | Reached XP level 1. HP: 12/12 MP: 1/1
   104 | D:1      | Reached XP level 2. HP: 15/18 MP: 2/2
   556 | D:1      | Reached skill level 6 in Stealth
   556 | D:1      | Reached XP level 3. HP: 22/22 MP: 3/3
  1205 | D:2      | Found a faded altar to an unknown god.
  1745 | D:3      | Noticed Jessica
  1750 | D:3      | Killed Jessica
  1750 | D:3      | Reached XP level 4. HP: 27/27 MP: 4/4
  1908 | D:3      | Noticed JudasIscariot's ghost (amateur KoAs)
  1926 | D:3      | HP: 1/27 [poisoned by JudasIscariot's ghost]
  1927 | D:3      | Succumbed to JudasIscariot's ghost's poison

Action                   |  1- 3 |  4- 6 || total
-------------------------+-------+-------++-------
Melee: Dagger            |    42 |    10 ||    52
 Fire: Blowgun           |    46 |    22 ||    68
 Stab: Sleeping          |    22 |     1 ||    23
       Distracted        |     1 |       ||     1
  Eat: Chunk             |    10 |     1 ||    11
